 Dungeon Crawl Stone Soup version 0.30-a0-1053-gbd8d5ba0ad (webtiles) character file.

Game seed: 4348888813728665662

130 Arzdou the Vexing (level 4, -1/22 HPs)
             Began as a Spriggan Hexslinger on Apr 11, 2023.
             Killed by divine providence
             ... invoked by an orc priest
              (11 damage)
             ... on level 3 of the Dungeon.
             The game lasted 00:05:59 (1861 turns).

Arzdou the Vexing (Spriggan Hexslinger)             Turns: 1861, Time: 00:06:00

Health: -1/22      AC:  2    Str:  6    XL:     4   Next: 90%
Magic:  2/8        EV: 18    Int: 14    God:
Gold:   106        SH:  5    Dex: 17    Spells: 3/7 levels left

rFire   . . .      SeeInvis +    a - +1 sling
rCold   . . .      Faith    .    (no shield)
rNeg    . . .      Spirit   .    c - +0 robe
rPois   .          Reflect  +    (helmet restricted)
rElec   .          Rampage  .    (no cloak)
rCorr   +                        (gloves unavailable)
Will    .....                    (boots unavailable)
Stlth   ++                       d - amulet of reflection
HPRegen 0.23/turn                f - ring of resist corrosion
MPRegen 0.11/turn                (no ring)

@: very quick
A: very small, no large weapons, unfitting armour, see invisible, speed 3
a: no special abilities


You were on level 3 of the Dungeon.
You visited 1 branch of the dungeon, and saw 3 of its levels.

You collected 106 gold pieces.

Inventory:

Hand Weapons
 a - a +1 sling (weapon)
Armour
 c - a +0 robe (worn)
Magical Staves
 l - the staff of conjuration "Voutyss" {*Slow Str+10 Int+2 Dex-5}
   (You found it on level 2 of the Dungeon)

   [staff of conjuration]

   Base accuracy: +5 Base damage: 5 Base attack delay: 1.2 This weapon's minimum
   attack delay (0.6) is reached at skill level 12.
   Str:       It affects your strength (+10).
   Int:       It affects your intelligence (+2).
   Dex:       It affects your dexterity (-5).
   *Slow:     It may slow you when you take damage.
   It falls into the 'Staves' category.
   It is a two-handed weapon.
Jewellery
 d - an amulet of reflection (around neck)
 f - a ring of resist corrosion (left hand)
Wands
 n - a wand of paralysis (3)
Scrolls
 b - a scroll of poison
 h - a scroll of enchant armour {unknown}
 i - 2 scrolls of fog {unknown}
 p - a scroll of identify {unknown}
Potions
 e - a potion of invisibility {unknown}
 g - a potion of brilliance {unknown}
 j - a potion of flight {unknown}
 k - a potion of attraction {unknown}
 m - a potion of curing {unknown}
 o - a potion of mutation {unknown}
 q - a potion of berserk rage {unknown}


   Skills:
 + Level 1.5 Fighting
 + Level 3.5 Ranged Weapons
 + Level 3.0 Dodging
 + Level 1.5 Stealth
 + Level 0.1 Shields
 + Level 2.1 Spellcasting
 + Level 4.4 Hexes


You had 3 spell levels left.
You knew the following spells:

 Your Spells              Type           Power      Damage    Failure   Level
a - Slow                  Hex            52%        N/A       3%          1
b - Portal Projectile     Hex/Tloc       14%        N/A       28%         3

Your spell library contained the following spells:

 Spells                   Type           Power      Damage    Failure   Level
 Inner Flame              Hex/Fire       7%         N/A       28%         3
 Call Canine Familiar     Summ           1%         N/A       56%         3
 Cause Fear               Hex            6%         N/A       36%         4
 Leda's Liquefaction      Hex/Erth       3%         N/A       67%         4
 Lee's Rapid Deconstruct  Erth           0%         3d4*      100%        5
 Statue Form              Tmut/Erth      0%         N/A       100%        6


Dungeon Overview and Level Annotations

Branches:
Dungeon (3/15)

Altars:

Shops:
D:3 [:(


Innate Abilities, Weirdness & Mutations

You are very small and have problems with some larger weapons.
You are too small for most types of armour.
You have supernaturally acute eyesight. (SInv)
You cover ground extremely quickly. (Speed+++)


Message History

The orc is moderately wounded.
The orc priest calls upon Beogh to heal the orc.
The orc's wounds heal themselves!
The orc priest miscasts a cantrip.
The orc barely misses you.
The orc seems to slow down.
The orc struggles to resist.
You shoot a sling bullet. The sling bullet barely misses the orc.
The sling bullet hits the orc.
The orc is heavily wounded.
You shoot a sling bullet.
The sling bullet closely misses the orc.
The orc misses you.
The orc struggles to resist.
The orc seems to slow down.
The orc priest looks encouraged for a moment.
The orc hits you with a +0 short sword.
You shoot a sling bullet. The sling bullet hits the orc!
You kill the orc!
The orc priest mumbles some strange prayers to Beogh against you.
Beogh smites you!
You are too injured to fight recklessly!
You are too injured to fight recklessly!
You are too injured to fight recklessly!
Aiming: Slow (safe; 3% risk of failure)
Press: ? - help, Q - select action, (/) - cycle Shift-Dir - straight line, f - orc
Aim: an orc, wielding a +0 mace (heavily wounded, slow, chance to affect: 64%)
The orc seems to slow down.
Aiming: Slow (safe; 3% risk of failure)
Press: ? - help, Q - select action, (/) - cycle Shift-Dir - straight line, f/p - orc
Aim: an orc, wielding a +0 mace (heavily wounded, slow, chance to affect: 64%)
The orc seems to slow down.
Aiming: Slow (safe; 3% risk of failure)
Press: ? - help, Q - select action, (/) - cycle Shift-Dir - straight line, f/p - orc
Aim: an orc, wielding a +0 mace (heavily wounded, slow, chance to affect: 64%)
The orc seems to slow down.
The orc priest mumbles some strange prayers to Beogh against you.
Beogh smites you!
Ouch! That really hurt!
You die...

#.# ♣..∩..♣ #.#
#.♣...♣. #.#
#..♣.♣.. #o########
#...♣... #.#......#
##.##.##
#o#∩.###.###.....##
#.#.##............#
#.#.##.#.###...##.#
#.@....#.# ##.###.#
###.####.# #......
#......# #######
########


You could see an orc priest and an orc (slow).

Vanquished Creatures
  Jessica (D:3)
  An orc wizard (D:3)
  3 adders (D:2)
  A worm (D:2)
  2 dart slugs (D:1)
  4 orcs (D:3)
  5 endoplasms
  3 giant cockroaches (D:1)
  2 goblins
  A hobgoblin (D:1)
  3 quokkas
  8 ball pythons
  3 bats
  A frilled lizard (D:2)
  A kobold (D:2)
  4 rats
43 creatures vanquished.

Notes
Turn   | Place    | Note
-------+----------+-------------------------------------------
     0 | D:1      | Arzdou the Spriggan Hexslinger began the quest for the Orb.
     0 | D:1      | Reached XP level 1. HP: 9/9 MP: 3/3
   264 | D:1      | Reached XP level 2. HP: 14/14 MP: 3/5
   378 | D:1      | Reached skill level 4 in Hexes
   975 | D:2      | Reached XP level 3. HP: 17/17 MP: 4/7
  1093 | D:2      | Identified the staff of conjuration "Voutyss" {*Slow Str+10
                  | Int+2 Dex-5}
  1115 | D:2      | Reached skill level 1 in Stealth
  1481 | D:2      | Reached XP level 4. HP: 21/21 MP: 8/8
  1546 | D:2      | Learned a level 3 spell: Portal Projectile
  1572 | D:3      | Noticed Jessica
  1579 | D:3      | Killed Jessica
  1580 | D:3      | Reached skill level 1 in Fighting
  1696 | D:3      | Found Duabuw's Weapon Boutique.
  1756 | D:3      | Found Kojec's Book Boutique.
  1805 | D:3      | Found Semiz's Antique Armour Emporium.
  1861 | D:3      | Killed from afar by an orc priest

Illustrated notes

Levels and vault maps discovered:
D:1:      scummos_arrival_hexagon, layout_basic
D:2:      layout_rooms
D:3:      layout_loops_corners, serial_shops, nicolae_shop_bloodbath_and_beyond,
          shop, shop, nicolae_diamond_shop, nicolae_hexahallways,
          grunt_ministairs_1, chequers_serial_rivers_micro_e, uniq_jessica

Skill      XL: |  1  2  3  4 |
---------------+-------------+-----
Hexes          | 4 |  4.4
Spellcasting   | 2 |  2.1
Dodging        | 3 |  3.0
Stealth        | 1 |  1.5
Ranged Weapons | 3 |  3.5
Fighting       | 1 |  1.5
Shields        | |  0.1

Action                     |  1- 3 |  4- 6 || total
---------------------------+-------+-------++-------
   Fire: Sling             |   102 |    31 ||   133
   Cast: Slow              |    39 |    15 ||    54
 Armour: Robe              |     3 |     1 ||     4
  Dodge: Dodged            |    39 |    16 ||    55
  Block: Other             |    10 |     2 ||    12

Table legend: (Time is in decaauts)
 A = Elapsed time spent in this place.
 B = Non-inter-level travel time spent in this place.
 C = Inter-level travel time spent in this place.
 D = Time resting spent in this place.
 E = Time spent auto-exploring this place.
 F = Levels seen in this place.
 G = Mean time per level.
                   A        B        C        D        E       F      G
               +--------+--------+--------+--------+--------+-----+--------+
         Total |   1447 |   1415 |     32 |      0 |   1089 |   3 |  482.3 |
       Dungeon |   1447 |   1415 |     32 |      0 |   1089 |   3 |  482.3 |
               +--------+--------+--------+--------+--------+-----+--------+

Top non-repeatable levels by time:
     D:1: 678 daAuts
     D:2: 527 daAuts
     D:3: 241 daAuts
